 Dungeon Crawl Stone Soup version 0.21-a0-538-gd16b88a (webtiles) character file.

9184 mortelune the Arsonist (level 11, -3/62 HPs)
             Began as a Deep Elf Fire Elementalist on Dec 16, 2017.
             Was an Elder of Vehumet.
             Killed from afar by a gargoyle (18 damage)
             ... with a stone arrow
             ... on level 9 of the Dungeon.
             The game lasted 00:45:10 (13891 turns).

mortelune the Arsonist (DEFE)                      Turns: 13891, Time: 00:45:11

Health: -3/62      AC:  6    Str:  6    XL:     11   Next: 19%
Magic:  13/25      EV: 17    Int: 25    God:    Vehumet [****..]
Gold:   126        SH:  0    Dex: 15    Spells: 11/26 levels left

rFire    + + .     SeeInvis +   L - +8 hunting sling of Tenacity {venom, rF++ rN+}
rCold    . . .     Gourm    .   (no shield)
rNeg     + . .     Faith    .   Q - +0 robe (curse)
rPois    .         Spirit   .   q - +0 helmet
rElec    .         Reflect  .   k - +0 cloak
rCorr    .         Harm     .   w - +1 pair of gloves
MR       +....                  (no boots)
Stlth    ++........             (no amulet)
HPRegen  0.20/turn              r - ring of see invisible
MPRegen  0.19/turn              K - +2 ring of intelligence

@: no status effects
A: no striking features
a: Renounce Religion


You were on level 9 of the Dungeon.
You worshipped Vehumet.
Vehumet was greatly pleased with you.
You were near starving.

You visited 2 branches of the dungeon, and saw 10 of its levels.

You collected 463 gold pieces.
You spent 337 gold pieces at shops.

Inventory:

Hand Weapons
 j - a +0 dagger
 o - a +0 halberd
 D - a +3 hand axe of chopping
 L - the +8 hunting sling of Tenacity (weapon) {venom, rF++ rN+}
   (You found it on level 5 of the Dungeon)

   It poisons the ammo it fires.
   It greatly protects you from fire.
   It protects you from negative energy.
Missiles
 M - 216 stones (quivered)
Armour
 a - a +0 robe
 h - the cursed +1 ring mail of Wu Jian's Condemnation {MP+9, unknown}
   (You found it on level 1 of the Dungeon)

   It affects your magic capacity (+9).
   It has a curse placed upon it.
 i - a +0 robe
 k - a +0 cloak (worn)
 p - a +1 chain mail of cold resistance
 q - a +0 helmet (worn)
 w - a +1 pair of gloves (worn)
 Q - a cursed +0 robe (worn)
Jewellery
 r - a ring of see invisible (left hand)
 B - an uncursed ring of protection from cold
 F - an uncursed amulet of harm {unknown}
 K - a +2 ring of intelligence (right hand)
 S - an uncursed ring of flight
Wands
 v - a wand of flame (34)
 x - a wand of disintegration (9)
 G - a wand of iceblast (5)
 H - a wand of scattershot (7)
Scrolls
 e - a scroll of fog
 g - a scroll of fear {unknown}
 s - 3 scrolls of immolation
 y - a scroll of teleportation
 E - a scroll of enchant armour
 J - 3 scrolls of random uselessness
 N - 3 scrolls of remove curse
 O - a scroll of enchant weapon
 P - a scroll of amnesia {unknown}
 T - a scroll of blinking
Potions
 d - 3 potions of brilliance
 l - a potion of ambrosia
 m - 2 potions of lignification
 t - 2 potions of curing
 u - a potion of might {unknown}
 z - a potion of cancellation {unknown}
 A - 3 potions of degeneration
 C - 2 potions of flight {unknown}
 I - 2 potions of haste
 R - a potion of agility
Books
 b - a book of Flames

   Spells                             Type                      Level
   a - Flame Tongue                   Conjuration/Fire             1
   b - Throw Flame                    Conjuration/Fire             2
   c - Conjure Flame                  Conjuration/Fire             3
   d - Inner Flame                    Hexes/Fire                   3
   e - Sticky Flame                   Conjuration/Fire             4
   f - Fireball                       Conjuration/Fire             5
Comestibles
 c - 6 bread rations
 f - 5 meat rations
 n - 2 fruits
 U - 5 royal jellies


   Skills:
 + Level 4.7 Fighting
 + Level 8.1 Dodging
 - Level 2.4 Stealth
 - Level 8.0 Spellcasting
 + Level 10.5 Conjurations
 * Level 11.6 Fire Magic


You had 11 spell levels left.
You knew the following spells:

 Your Spells              Type           Power        Failure   Level  Hunger
a - Flame Tongue          Conj/Fire      #####        1%          1    None
b - Throw Flame           Conj/Fire      ######       1%          2    None
c - Conjure Flame         Conj/Fire      ######..     1%          3    None
d - Sticky Flame          Conj/Fire      ######..     1%          4    ##.....
e - Fireball              Conj/Fire      ######....   1%          5    ####...


Dungeon Overview and Level Annotations

Branches:
Dungeon (9/15)             Temple (1/1) D:4
   Lair: D:8-11         Orc: D:9-12

Altars:
Ashenzari
Cheibriados
Dithmenos
Elyvilon
Fedhas
Gozag
Hepliaklqana
Kikubaaqudgha
Makhleb
Nemelex Xobeh
Okawaru
Qazlal
Ru
Sif Muna
Trog
Uskayaw
Vehumet
Wu Jian
Xom
Yredelemnul
Zin
The Shining One

Shops:
D:6 ((!*[   D:9 *


Message History

Aiming: Flame Tongue
Press: ? - help, Shift-Dir - straight line, f - gargoyle
Aim: a gargoyle, wielding a mace (almost destroyed, covered in liquid flames)
The flame tongue hits the gargoyle.
The gargoyle appears unharmed.
The gargoyle is almost destroyed.
The gargoyle burns!
The gargoyle stops burning.
The gargoyle hits you with a mace!
Casting: Flame Tongue
Confirm with . or Enter, or press ? or * to list all spells.
Aiming: Flame Tongue
Press: ? - help, Shift-Dir - straight line, f/p - gargoyle
Aim: a gargoyle, wielding a mace (almost destroyed)
The flame tongue hits the gargoyle.
The gargoyle appears unharmed.
The gargoyle is almost destroyed.
The gargoyle hits you with a mace!
* * * LOW HITPOINT WARNING * * *
You are near starving!
The gargoyle hurls a stone arrow at you.
The stone arrow hits you!
You die...

## #.#≈≈§y≈≈≈ .#
#.##≈≈≈≈≈≈ .# #..##≈≈≈≈≈
.# #####..##≈≈≈≈
.####...##..##≈≈≈
÷.......'....# .
.#......####.#
#########..#
.#...........###..§......#
.#..............@.9§....#
.#............##.######.#
.#.............#.#
.#...........#.#.#
.............#...#
............##..#
............##..#
.............


You could see a gargoyle.

Vanquished Creatures
  A two-headed ogre (D:8)
  The ghost of Salmacis the Cleaver, a novice MiBe of Trog (D:8)
  Pikel (D:5)
  A deep elf mage (D:9)
  A hornet (D:9)
  A slime creature (D:8)
  Grinder (D:6)
  Prince Ribbit (D:6)
  A hippogriff (D:7)
  A shadow (D:9)
  Sigmund (D:4)
  A wyvern (D:8)
  A human (D:8)
  Eustachio (D:6)
  4 hogs (D:8)
  A water moccasin (D:8)
  2 black bears
  7 orc warriors
  7 ogres
  3 sky beasts
  3 phantoms
  A necrophage (D:6)
  3 centaurs
  A big kobold (D:8)
  Blork the orc (D:5)
  3 bullfrogs (D:7)
  A scorpion (D:8)
  A water moccasin skeleton (D:5)
  13 killer bees
  3 wights (D:6)
  A howler monkey (D:5)
  A bullfrog zombie (D:4)
  5 crimson imps
  2 quasits
  5 orc priests
  2 bullfrog skeletons
  A gnoll shaman (D:7)
  2 hounds
  Terence (D:2)
  A centaur skeleton (D:6)
  Ijyb (D:5)
  6 worker ants
  9 orc wizards
  6 gnolls
  15 adders
  2 shadow imps
  2 oozes (D:3)
  6 worms
  2 dart slugs
  4 leopard geckos
  31 orcs
  4 giant cockroaches
  8 goblins
  5 hobgoblins
  12 jackals
  16 kobolds
  5 quokkas
  2 ball pythons
  4 bats
  4 frilled lizards
  2 quokka zombies
  6 rats
241 creatures vanquished.

Vanquished Creatures (others)
  2 slaves
  A howler monkey (D:6)
  A hound (D:5)
  An iguana (D:5)
  A giant cockroach (D:6)
  A quokka (D:6)
7 creatures vanquished.

Grand Total: 248 creatures vanquished

Notes
Turn   | Place    | Note
-------+----------+-------------------------------------------
     0 | D:1      | mortelune the Deep Elf Fire Elementalist began the quest for the Orb.
     0 | D:1      | Reached XP level 1. HP: 10/10 MP: 6/6
    54 | D:1      | Got a steaming ring mail
   284 | D:1      | Reached XP level 2. HP: 15/15 MP: 2/8
   288 | D:1      | Learned a level 2 spell: Throw Flame
   859 | D:1      | Reached XP level 3. HP: 19/19 MP: 5/10
   864 | D:1      | Learned a level 3 spell: Conjure Flame
  1601 | D:2      | Found a faded altar of an unknown god.
  1623 | D:2      | Reached XP level 4. HP: 24/24 MP: 0/11
  1629 | D:2      | Learned a level 4 spell: Sticky Flame
  2201 | D:2      | Noticed Terence
  2568 | D:3      | Reached skill level 4 in Fire Magic
  2737 | D:3      | Found an opulent altar of Gozag.
  3428 | D:3      | Reached XP level 5. HP: 28/28 MP: 3/13
  3831 | D:4      | Found a staircase to the Ecumenical Temple.
  3855 | Temple   | Entered the Ecumenical Temple
  3987 | Temple   | Became a worshipper of Vehumet
  4059 | D:4      | Noticed an ogre
  4068 | D:4      | Killed an ogre
  4071 | D:4      | Reached XP level 6. HP: 32/32 MP: 0/15
  4194 | D:4      | Reached skill level 5 in Spellcasting
  4330 | D:4      | Reached skill level 5 in Conjurations
  4697 | D:2      | Killed Terence
  4952 | D:4      | Reached skill level 5 in Fire Magic
  4981 | D:4      | Noticed Sigmund
  4985 | D:4      | Killed Sigmund
  4985 | D:4      | Reached XP level 7. HP: 36/36 MP: 9/17
  5570 | D:5      | Entered Level 5 of the Dungeon
  5924 | D:5      | Noticed Ijyb
  5930 | D:5      | Killed Ijyb
  6028 | D:5      | Reached * piety under Vehumet
  6028 | D:5      | Offered knowledge of Magic Dart by Vehumet.
  6131 | D:5      | Found a shimmering altar of Xom.
  6132 | D:5      | Found a hazy altar of Hepliaklqana.
  6133 | D:5      | Noticed a spectral ugly thing
  6184 | D:5      | Noticed Pikel
  6203 | D:5      | Killed Pikel
  6203 | D:5      | Reached skill level 6 in Fire Magic
  6203 | D:5      | Reached XP level 8. HP: 41/41 MP: 0/20
  6790 | D:5      | Got a fine hunting sling
  6925 | D:5      | Noticed Blork the orc
  6940 | D:5      | Killed Blork the orc
  6940 | D:5      | Reached skill level 7 in Fire Magic
  6951 | D:5      | Learned a level 5 spell: Fireball
  7484 | D:6      | Noticed Prince Ribbit
  7489 | D:6      | Killed Prince Ribbit
  7571 | D:6      | Found Utean's Assorted Antiques.
  7581 | D:6      | Bought a scroll labeled BETOMY ADYCZU for 28 gold pieces
  7581 | D:6      | Bought a scroll labeled MUOSYO OHOOXU for 28 gold pieces
  7581 | D:6      | Bought a scroll labeled ETUUS MESIMUEL for 28 gold pieces
  7581 | D:6      | Bought a sedimented silvery potion for 25 gold pieces
  7589 | D:6      | Identified the +8 hunting sling of Tenacity {venom, rF++ rN+} (You found it on level 5 of the Dungeon)
  7689 | D:6      | Noticed Grinder
  7694 | D:6      | Reached XP level 9. HP: 46/46 MP: 14/23
  7695 | D:6      | Noticed Eustachio
  7716 | D:6      | Killed Grinder
  7845 | D:6      | Found Lynecw's Weapon Emporium.
  7850 | D:6      | Reached skill level 1 in Fighting
  7850 | D:6      | Reached skill level 8 in Fire Magic
  7918 | D:6      | Bought 25 stones for 32 gold pieces
  8631 | D:6      | Found Buoprose's Antique Armour Emporium.
  8639 | D:6      | Bought a runed robe for 99 gold pieces
  8677 | D:6      | Found Wotizxoe's Antique Weapon Shoppe.
  8716 | D:6      | Found an iron altar of Okawaru.
  8776 | D:6      | Killed Eustachio
  8936 | D:6      | Reached ** piety under Vehumet
  8943 | D:6      | Reached skill level 5 in Dodging
  9099 | D:6      | Found Wufed's Distillery.
  9350 | D:7      | Offered knowledge of Sandblast by Vehumet.
  9399 | D:7      | Reached skill level 9 in Fire Magic
  9988 | D:7      | Found a snail-covered altar of Cheibriados.
  9988 | D:7      | Found a stormy altar of Qazlal.
 10034 | D:7      | Reached XP level 10. HP: 55/55 MP: 24/24
 10082 | D:7      | Offered knowledge of Throw Frost by Vehumet.
 10585 | D:8      | Noticed a two-headed ogre
 10589 | D:8      | Killed a two-headed ogre
 10589 | D:8      | Reached skill level 10 in Fire Magic
 10589 | D:8      | Reached *** piety under Vehumet
 11176 | D:8      | Reached skill level 10 in Conjurations
 11565 | D:8      | Offered knowledge of Mephitic Cloud by Vehumet.
 11910 | D:8      | Noticed Salmacis's ghost (novice MiBe)
 12199 | D:8      | Reached skill level 11 in Fire Magic
 12476 | D:8      | Killed Salmacis's ghost
 13005 | D:8      | Reached XP level 11. HP: 62/62 MP: 14/25
 13305 | D:9      | Found Sung's General Store.
 13375 | D:9      | Bought a scroll of blinking for 97 gold pieces
 13504 | D:9      | Noticed a deep elf mage
 13515 | D:9      | Reached **** piety under Vehumet
 13519 | D:9      | Killed a deep elf mage
 13891 | D:9      | Killed from afar by a gargoyle

Vault maps used:
D:1:      scummos_arrival_simple_crosswalls, dk_noncrumbling_3
D:2:      chequers_ecumenical_altar_simple, uniq_terence,
          uniq_crazy_yiuf_cottage
D:3:      nicolae_gozag_seed_capital
D:4:      minmay_temple_entry_statues_pillars, first_bread, grunt_tough_drop,
          uniq_sigmund
D:5:      regret_index_temple_of_mockery, corexii_shack,
          small_statue_intersection, uniq_ijyb, uniq_blork_the_orc, uniq_pikel
D:6:      okawaru_ov_weapons_minmay, serial_shops, nicolae_shop_behind_doors,
          nicolae_shop_crystal, nicolae_shop_overgrown_old_shop,
          nicolae_shop_behind_doors, shop, grunt_decor_cap, uniq_eustachio,
          uniq_prince_ribbit1, uniq_grinder
D:7:      amethyst_overflow_temple_binary, kennysheep_generic_room_2
D:8:      grunt_livestock, kennysheep_just_a_vault
D:9:      kennysheep_big_flooded_room, david_lair_generic, serial_shops,
          shop_scrolls, shop, shop, shop, kennysheep_mini_moat, hex_medium,
          dk_noncrumbling_4, corexii_hall_statues_s, uniq_psyche
Temple:   regret_index_temple_sphere_string

Skill      XL: |  1  2  3  4  5  6  7  8  9 10 11 |
---------------+----------------------------------+-----
Conjurations   | 2 3 4 6 8 9 10 | 10.5
Spellcasting   | 4 5 7 8 |  8.0
Fire Magic     | 4 5 6 7 9 11 | 11.6
Dodging        | 3 5 7 8 |  8.1
Fighting       | 2 4 |  4.7
Stealth        | |  2.4

Action                   |  1- 3 |  4- 6 |  7- 9 | 10-12 || total
-------------------------+-------+-------+-------+-------++-------
Melee: Halberd           |       |    25 |       |       ||    25
       Hand axe          |       |    27 |    16 |       ||    43
 Fire: Hunting sling     |       |       |    37 |    47 ||    84
 Cast: Flame Tongue      |    23 |    49 |   148 |    59 ||   279
       Throw Flame       |    34 |    58 |    99 |    44 ||   235
       Conjure Flame     |       |     5 |     6 |     7 ||    18
       Sticky Flame      |       |     2 |    18 |    26 ||    46
       Fireball          |       |       |     4 |    22 ||    26
  Use: Scroll            |       |     2 |     6 |     5 ||    13
       Potion            |       |     1 |       |     1 ||     2
 Stab: Sleeping          |       |     1 |       |       ||     1
  Eat: Chunk             |     3 |     8 |    18 |     6 ||    35
       Royal jelly       |       |     1 |       |       ||     1
       Fruit             |       |       |     1 |       ||     1
       Meat ration       |       |       |       |     2 ||     2
Armor: Robe              |     5 |    13 |    19 |    10 ||    47
Dodge: Dodged            |     7 |    43 |    49 |    70 ||   169

Table legend:
 A = Spawn XP
 B = Non-spawn XP
 C = Spawn XP percentage of total XP
 D = Spawn monster count
 E = Non-spawn monster count
 F = Spawn count percentage of total count
 G = Total turns spent on level
                    A         B        C        D         E        F      G
               +---------+---------+-------+---------+---------+-------+---------
         Total |       0 |   13121 |   0.0 |       0 |     241 |   0.0 | 13891
               +---------+---------+-------+---------+---------+-------+---------
           D:1 |       0 |      44 |   0.0 |       0 |      17 |   0.0 |  1298
           D:2 |       0 |     108 |   0.0 |       0 |      19 |   0.0 |  1526
           D:3 |       0 |     111 |   0.0 |       0 |      26 |   0.0 |  1307
           D:4 |       0 |     673 |   0.0 |       0 |      16 |   0.0 |  1281
           D:5 |       0 |    1517 |   0.0 |       0 |      26 |   0.0 |  1906
           D:6 |       0 |    1745 |   0.0 |       0 |      22 |   0.0 |  1774
           D:7 |       0 |    2258 |   0.0 |       0 |      47 |   0.0 |  2236
           D:8 |       0 |    5299 |   0.0 |       0 |      55 |   0.0 |  1808
           D:9 |       0 |    1366 |   0.0 |       0 |      13 |   0.0 |   597
               +---------+---------+-------+---------+---------+-------+---------
